 Dungeon Crawl Stone Soup version 0.28-a0-474-g535839065c (webtiles) character file.

Game seed: 11151799051216998582

0 spiderkeys the Skirmisher (level 1, -4/16 HPs)
             Began as an Octopode Abyssal Knight on Sept 15, 2021.
             Was a Follower of Lugonu.
             Killed from afar by a starcursed mass (8 damage)
             ... with an accursed screaming
             ... on level 1 of the Abyss.
             The game lasted 00:00:31 (131 turns).

spiderkeys the Skirmisher (Octopode Abyssal Knight)  Turns: 131, Time: 00:00:31

Health: -4/16      AC:  1    Str: 11    XL:     1   Next: 0%
Magic:  2/2        EV: 13    Int: 14    God:    Lugonu [*.....]
Gold:   0          SH:  0    Dex: 11    Spells: 0/0 levels left

rFire   . . .      SeeInvis .   a - +1 spear
rCold   . . .      Faith    .   (no shield)
rNeg    . . .      Spirit   .   (helmet restricted)
rPois   .          Reflect  .   (no amulet)
rElec   .          Harm     .   (no ring)
rCorr   .          Rampage  .   (no ring)
Will    .....                   (no ring)
Stlth   ++........              (no ring)
HPRegen 0.05/turn               (no ring)
MPRegen 0.08/turn               (no ring)
                                (no ring)
                                (no ring)

@: no status effects
A: almost no armour, amphibious, 8 rings, camouflage 1, gelatinous body 1,
(nimble swimmer 1), tentacles
a: Renounce Religion, Depart the Abyss


You were on level 1 of the Abyss.
You worshipped Lugonu.
Lugonu was aware of your devotion.
You visited 0 branches of the dungeon, and saw 0 of its levels.
You visited the Abyss 1 time.


Innate Abilities, Weirdness & Mutations

You cannot wear most types of armour.
You are amphibious.
You can wear up to eight rings at the same time.
Your skin changes colour to match your surroundings (Stealth+).
Your rubbery body absorbs attacks. (AC +1, EV +1)
((You are camouflaged near water. (Stealth+)))
You have tentacles for arms and can constrict up to eight enemies at once.


   Skills:
 + Level 3.0 Fighting
 + Level 2.0 Polearms
 + Level 2.3 Dodging
 + Level 2.0 Invocations


You couldn't memorise any spells.
You didn't know any spells.
Your spell library was empty.

Inventory:

Hand Weapons
 a - a +1 spear (weapon)
Armour
 b - a +0 tower shield
   (You found it on level 1 of the Abyss)

Dungeon Overview and Level Annotations

Branches:
Dungeon (0/15)

Altars:

..#.# #.#..#.
#..... # #### .X#..
.. #..##....##..
#..#X#.....#
####....#.....# ..
#...#..X#..#..# ..
#####w###4.@..# .
#.#...Xw.###......♣
##.#.....##.#
....#.♣ # .
w...#...# ♣♣♣♣♣
....##.##.#.♣ #
.###..#.#.#.♣ . .
.X####. #♣
#..####... . # #..
. ... .#


You could see a starcursed mass, a tentacled starspawn, an orange demon, a large
abomination and a starspawn tentacle.


Message History

🤖 Initializing magus.rc ...
Options error: Delay interrupt name "hungry" not recognised. (~/.crawlrc:4988) ✅ Successfully initialized magus.rc [v1.9.10] Welcome, spiderkeys the Octopode Abyssal Knight.
Will you prevail where others failed? Will you find the Orb of Zot?
Lugonu says: Depart the Abyss and spread corruption, my servant! (use the ability menu to exit the Abyss) Press ? for a list of commands and other information.
Found a corrupted altar of Lugonu.
You see here a +0 tower shield.
b - a +0 tower shield A shadow comes into view.
A tentacled starspawn comes into view.
A smoke demon comes into view.
Tentacles burst from the starspawn's body! 2 starspawn tentacles come into view.
An ancient zyme comes into view.
You feel yourself growing ill in the presence of the ancient zyme.
A tentacle flies out from the starspawn's body!
A starspawn tentacle comes into view.
An orange demon comes into view.
A starspawn tentacle comes into view.
The orange demon screeches!
A large abomination comes into view.
The orange demon misses you.
A starcursed mass comes into view.
The orange demon completely misses you.
A starcursed mass splits.
The orange demon barely misses you. x2
The orange demon stings you!
Ouch! That really hurt!
* * * LOW HITPOINT WARNING * * *
The orange demon closely misses you.
A tentacle flies out from the starspawn's body!
A starspawn tentacle comes into view. 😱 HP[-12]
You take 12 damage, and now have 4/16 hp.
MASSIVE DAMAGE!! (PAUSE)
The starcursed mass shrieks in your mind.
Ouch! That really hurt!
You die...

Action                   || total
-------------------------++-------
Dodge: Dodged            ||     5

Levels and vault maps discovered:
Abyss:1:  base: Temple, evilmike_abyss_exit_chaos, base:
Temple

Notes
Turn   | Place    | Note
-------+----------+-------------------------------------------
     0 | Abyss:1  | spiderkeys the Octopode Abyssal Knight began the quest for
                  | the Orb.
     0 | Abyss:1  | Reached XP level 1. HP: 16/16 MP: 2/2
     0 | Abyss:1  | magus.rc [v1.9.10]
    94 | Abyss:1  | Noticed a shadow
   103 | Abyss:1  | Noticed a tentacled starspawn
   104 | Abyss:1  | Noticed a smoke demon
   109 | Abyss:1  | Noticed an ancient zyme
   126 | Abyss:1  | Noticed an orange demon
   127 | Abyss:1  | Noticed a large abomination
   128 | Abyss:1  | Noticed a starcursed mass
   130 | Abyss:1  | HP: 4/16 [orange demon (12)]
   131 | Abyss:1  | Killed from afar by a starcursed mass

Vanquished Creatures (others)
  6 starspawn tentacles (Abyss:1)
6 creatures vanquished.

Table legend:
 A = Non-vault XP
 B = Vault XP
 C = Vault XP percentage of total XP
 D = Non-vault monster count
 E = Vault monster count
 F = Vault count percentage of total count
                 A         B        C        D         E       F
            +---------+---------+-------+---------+---------+-------
      Total |       0 |       0 |   N/A |       0 |       0 |  -nan
            +---------+---------+-------+---------+---------+-------
            +---------+---------+-------+---------+---------+-------

Illustrated notes

Table legend: (Time is in decaauts)
 A = Elapsed time spent in this place.
 B = Non-inter-level travel time spent in this place.
 C = Inter-level travel time spent in this place.
 D = Time resting spent in this place.
 E = Time spent auto-exploring this place.
 F = Levels seen in this place.
 G = Mean time per level.
                   A        B        C        D        E       F      G
               +--------+--------+--------+--------+--------+-----+--------+
         Total |    131 |    131 |      0 |      0 |     41 |   1 |  131.0 |
         Abyss |    131 |    131 |      0 |      0 |     41 |   1 |  131.0 |
               +--------+--------+--------+--------+--------+-----+--------+

Top non-repeatable levels by time:
 Abyss:1: 131 daAuts
